 Dungeon Crawl Stone Soup version 0.22-a0-443-g17c3723 (webtiles) character file.

130 b5mith the Skirmisher (level 4, -1/42 HPs)
             Began as a Minotaur Berserker on June 1, 2018.
             Was a Believer of Trog.
             Slain by a worm (8 damage)
             ... on level 2 of the Dungeon.
             The game lasted 00:01:42 (939 turns).

b5mith the Skirmisher (Minotaur Berserker)           Turns: 939, Time: 00:01:43

Health: -1/42      AC:  5    Str: 22    XL:     4   Next: 89%
Magic:  3/3        EV: 11    Int:  4    God:    Trog [**....]
Gold:   15         SH:  0    Dex: 10    Spells: 3/3 levels left

rFire    . . .     SeeInvis .   a - +0 falchion
rCold    . . .     Gourm    .   (no shield)
rNeg     . . .     Faith    .   j - +0 ring mail
rPois    .         Spirit   .   (helmet restricted)
rElec    .         Reflect  .   (no cloak)
rCorr    .         Harm     .   (no gloves)
MR       .....                  (no boots)
Stlth    ..........             (no amulet)
HPRegen  0.14/turn              (no ring)
MPRegen  0.08/turn              (no ring)

@: berserk cooldown, slowed, very slow
A: retaliatory headbutt, horns 2
a: Berserk, Trog's Hand, Renounce Religion


You were on level 2 of the Dungeon.
You worshipped Trog.
Trog was pleased with you.
You were hungry.

You visited 1 branch of the dungeon, and saw 2 of its levels.

You collected 15 gold pieces.

Inventory:

Hand Weapons
 a - a +0 falchion (weapon)
Missiles
 f - 8 tomahawks (quivered)
Armour
 b - a +0 animal skin
 j - a +0 ring mail (worn)
   (You found it on level 1 of the Dungeon)
Scrolls
 e - a scroll of identify {unknown}
 g - a scroll of noise {unknown}
 h - a scroll of blinking {unknown}
 i - a scroll of fear {unknown}
Potions
 k - a potion of degeneration {unknown}
Comestibles
 c - 2 rations
 d - 5 chunks of flesh


   Skills:
 + Level 5.4 Fighting
 + Level 5.4 Long Blades
 - Level 2.4 Armour
 - Level 2.1 Dodging


You had 3 spell levels left.
You didn't know any spells.
Your spell library was empty.

Dungeon Overview and Level Annotations

Branches:
Dungeon (2/15)

Altars:


Innate Abilities, Weirdness & Mutations

You reflexively headbutt those who attack you in melee.
You have a pair of horns on your head.


Message History

The orc warrior is severely wounded.
The orc warrior hits you with a war axe!
* * * LOW HITPOINT WARNING * * *
You barely miss the orc warrior.
The orc warrior is severely wounded.
The orc warrior hits you with a war axe!
* * * LOW HITPOINT WARNING * * *
You closely miss the orc warrior. Your headbutt misses the orc warrior.
The orc warrior is severely wounded.
You slash the orc warrior!
You kill the orc warrior!
Trog accepts your kill.
Your Fighting skill increases to level 5!
Your Long Blades skill increases to level 5!
You have reached level 4!
You feel agile. The jackal barely misses you. You furiously retaliate!
You headbutt the jackal!
You kill the jackal!
Trog accepts your kill.
A rat and a worm come into view.
The orc misses you.
There is a stone staircase leading down, spattered with blood here.
Items here: ) [ †† a war axe; a plate armour; an orc corpse; a jackal corpse You closely miss the orc.
The rat twitches its whiskers.
You slash the orc!
You kill the orc!
Trog accepts your kill.
A frilled lizard comes into view.
You slice the rat!!
You kill the rat!
Trog accepts your kill.
You can now call upon Trog for regeneration and magic resistance.
The frilled lizard barely misses you.
You riposte.
You slice the frilled lizard!!
You kill the frilled lizard!
Trog accepts your kill.
Things that are here:
a dagger; a rat corpse; an orc corpse You feel a strong urge to attack something.
You are no longer berserk.
Trog's vigour flows through your veins.
You are exhausted.
You feel yourself slow down.
You see here a frilled lizard corpse.
You hit the worm.
The worm is moderately wounded.
The worm bites you!
You die...

# ... # # ...
####### #. #.#
#...... ##.# ##.#
#.##### ...# #.#.#
#.##### ..#
#.##.#####.>..##
#w#.###..........##
#@##..)...........
#.)>.###...#.#....
#.#### ##.##.#.##.
#.# #.##.#.... #.#
#.##.####. ...
#.##.# #. #.#
#.##.# ♣♣ #.#
#.##.. #. #.####


You could see a worm.

Vanquished Creatures
  An orc warrior (D:2)
  3 dart slugs (D:1)
  A leopard gecko (D:1)
  2 orcs (D:2)
  3 giant cockroaches (D:1)
  5 goblins
  2 hobgoblins (D:1)
  2 jackals (D:2)
  4 frilled lizards
  2 kobolds (D:1)
  7 rats
32 creatures vanquished.

Notes
Turn   | Place    | Note
-------+----------+-------------------------------------------
     0 | D:1      | b5mith the Minotaur Berserker began the quest for the Orb.
     0 | D:1      | Reached XP level 1. HP: 19/19 MP: 0/0
   147 | D:1      | Reached XP level 2. HP: 27/27 MP: 1/1
   622 | D:1      | Reached XP level 3. HP: 32/34 MP: 2/2
   922 | D:2      | Noticed an orc warrior
   932 | D:2      | Killed an orc warrior
   932 | D:2      | Reached skill level 5 in Fighting
   932 | D:2      | Reached skill level 5 in Long Blades
   932 | D:2      | Reached XP level 4. HP: 9/42 MP: 3/3
   936 | D:2      | Reached ** piety under Trog
   939 | D:2      | Slain by a worm

Vault maps used:
D:1:      dpeg_arrival_renting
D:2:      lemuel_round_altar, nicolae_ashenzari_panopticon, lemuel_doored_altar,
          serial_bayou, serial_bayou_pond_d, serial_bayou_crossing,
          serial_bayou_lagoon_a, serial_bayou_lagoon_b

Skill      XL: |  1  2  3 |
---------------+----------+-----
Fighting       | 4 5 |  5.4
Long Blades    | 4 5 |  5.4
Armour         | |  2.4
Dodging        | |  2.1

Action                   |  1- 3 |  4- 6 || total
-------------------------+-------+-------++-------
Melee: Falchion          |    63 |     4 ||    67
       Headbutt          |    17 |       ||    17
Invok: Berserk           |     1 |       ||     1
 Stab: Sleeping          |     1 |       ||     1
Armor: Animal skin       |     6 |       ||     6
       Ring mail         |     2 |       ||     2
Dodge: Dodged            |    26 |     3 ||    29
       Rpst.: Falchion   |     3 |     1 ||     4

Table legend:
 A = Spawn XP
 B = Non-spawn XP
 C = Spawn XP percentage of total XP
 D = Spawn monster count
 E = Non-spawn monster count
 F = Spawn count percentage of total count
 G = Total turns spent on level
                    A         B        C        D         E        F      G
               +---------+---------+-------+---------+---------+-------+---------
         Total |       0 |     186 |   0.0 |       0 |      32 |   0.0 |   939
               +---------+---------+-------+---------+---------+-------+---------
           D:1 |       0 |      43 |   0.0 |       0 |      24 |   0.0 |   880
           D:2 |       0 |     143 |   0.0 |       0 |       8 |   0.0 |    59
               +---------+---------+-------+---------+---------+-------+---------
